 Dungeon Crawl Stone Soup version 0.29-a0-11-ga75d3d97ab (webtiles) character file.

Game seed: 430646666209174648

28 tsouns the Skirmisher (level 2, 0/24 HPs)
             Began as a Demonspawn Abyssal Knight on Jan 28, 2022.
             Was a Follower of Lugonu.
             Succumbed to a kobold's poison
             ... on level 2 of the Dungeon.
             The game lasted 00:01:26 (1195 turns).

tsouns the Skirmisher (Demonspawn Abyssal Knight)   Turns: 1195, Time: 00:01:27

Health: 0/24       AC:  5    Str: 13    XL:     2   Next: 96%
Magic:  3/3        EV: 11    Int: 11    God:    Lugonu [*.....]
Gold:   33         SH:  0    Dex: 13    Spells: 1/1 levels left

rFire   . . .      SeeInvis .   j - +0 war axe
rCold   . . .      Faith    .   (no shield)
rNeg    . . .      Spirit   .   b - +0 leather armour
rPois   .          Reflect  .   e - +0 helmet
rElec   .          Harm     .   (no cloak)
rCorr   .          Rampage  .   d - +0 pair of gloves
Will    .....                   (no boots)
Stlth   +.........              (no amulet)
HPRegen 0.08/turn               (no ring)
MPRegen 0.08/turn               (no ring)

@: mighty, lethally poisoned (0 -> -1), invisible
A: spiny 1
a: Renounce Religion, Depart the Abyss


You were on level 2 of the Dungeon.
You worshipped Lugonu.
Lugonu was aware of your devotion.
You visited 1 branch of the dungeon, and saw 2 of its levels.
You visited the Abyss 1 time.

You collected 33 gold pieces.

Inventory:

Hand Weapons
 a - a +1 hand axe
 j - a +0 war axe (weapon)
 l - a +1 short sword of venom
Armour
 b - a +0 leather armour (worn)
 d - a +0 pair of gloves (worn)
 e - a +0 helmet (worn)
Scrolls
 c - a scroll of identify {unknown}
 f - a scroll of acquirement {unknown}
 i - a scroll of summoning {unknown}
 k - a scroll of teleportation {unknown}


   Skills:
 + Level 3.4 Fighting
 * Level 2.7 Axes
 - Level 1.7 Armour
 - Level 0.8 Dodging
 + Level 2.6 Invocations


You had one spell level left.
You didn't know any spells.
Your spell library was empty.

Dungeon Overview and Level Annotations

Branches:
Dungeon (2/15)

Altars:


Innate Abilities, Weirdness & Mutations

You are partially covered in sharp spines.


Message History

Lugonu accepts your kill.
You feel very sick.
You are too injured to fight recklessly!
You are too injured to fight recklessly!
You are too injured to fight recklessly!
You are too injured to fight recklessly!
You are too injured to fight recklessly!
You are too injured to fight recklessly!
You are too injured to fight recklessly!
You are too injured to fight recklessly!
You are too injured to fight recklessly!
You are too injured to fight recklessly!
You are too injured to fight recklessly!
You are too injured to fight recklessly!
You are too injured to fight recklessly!
Unknown command.
You feel very sick.
Things that are here:
a +1 short sword of venom; 3 stones; a kobold corpse
l - a +1 short sword of venom You feel sick.
* * * LOW HITPOINT WARNING * * *
You feel sick.
* * * LOW HITPOINT WARNING * * *
You feel sick.
It was a potion of invisibility.
You fade into invisibility!
* * * LOW HITPOINT WARNING * * *
You feel sick.
It was a potion of might.
You feel very mighty all of a sudden.
* * * LOW HITPOINT WARNING * * *
You feel sick.
There is a lethal amount of poison in your body!
* * * LOW HITPOINT WARNING * * *
You feel sick.
Okay, then.
* * * LOW HITPOINT WARNING * * *
You feel sick.
You die...

...# # ...#.#.#.# # .[..
)<.#.#.#.###. #..#
..........##.####..#
................#..#
...................##
..##.#..............# .#
.....#.#...#.##.#..##..#
.........>.#.##.@.(....#
..##.#.#...#.##.#..##.##
..##.#.#...#.##.#..##.#
.......#..............#
..##...#...####.#.....#
...........####.#.###.#
..##............... ...
..##...#..........## ##
...........####.#..


There were no monsters in sight!

Vanquished Creatures
  2 dart slugs
  4 bats
  5 endoplasms (D:1)
  2 goblins
  A hobgoblin (D:1)
  2 frilled lizards (D:1)
  2 kobolds (D:2)
  4 rats
22 creatures vanquished.

Notes
Turn   | Place    | Note
-------+----------+-------------------------------------------
     0 | Abyss:1  | tsouns the Demonspawn Abyssal Knight began the quest for
                  | the Orb.
     0 | Abyss:1  | Reached XP level 1. HP: 18/18 MP: 2/2
    40 | Abyss:1  | Noticed a small abomination
    41 | D:1      | Escaped the Abyss
   412 | D:1      | Reached * piety under Lugonu
   589 | D:1      | Gained mutation: You are partially covered in sharp spines.
                  | [demonic ancestry]
   589 | D:1      | Reached XP level 2. HP: 24/24 MP: 3/3
  1194 | D:2      | HP: 1/24 [poisoned by a kobold]
  1195 | D:2      | Succumbed to a kobold's poison

Illustrated notes

Levels and vault maps discovered:
D:1:      dpeg_arrival_renting, layout_basic
D:2:      layout_basic, uniq_sigmund

Skill      XL: |  1 |
---------------+----+-----
Axes           | 2 |  2.7
Fighting       | |  3.4
Armour         | |  1.7
Dodging        | |  0.8
Invocations    | |  2.6

Action                   || total
-------------------------++-------
Melee: Hand axe          ||    47
       War axe           ||     2
Invok: Depart the Abyss  ||     1
  Use: Potion            ||     2
Armor: Leather armour    ||    19
Dodge: Dodged            ||    24

Table legend: (Time is in decaauts)
 A = Elapsed time spent in this place.
 B = Non-inter-level travel time spent in this place.
 C = Inter-level travel time spent in this place.
 D = Time resting spent in this place.
 E = Time spent auto-exploring this place.
 F = Levels seen in this place.
 G = Mean time per level.
                   A        B        C        D        E       F      G
               +--------+--------+--------+--------+--------+-----+--------+
         Total |   1204 |   1157 |     47 |      0 |    964 |   3 |  401.3 |
       Dungeon |   1162 |   1115 |     47 |      0 |    924 |   2 |  581.0 |
         Abyss |     41 |     41 |      0 |      0 |     40 |   1 |   41.0 |
               +--------+--------+--------+--------+--------+-----+--------+

Top non-repeatable levels by time:
     D:1: 973 daAuts
     D:2: 189 daAuts
 Abyss:1: 41 daAuts
